 Dungeon Crawl Stone Soup version 0.20.1-1-g8b1a95d (webtiles) character file.

46 polve the Chopper (level 3, -1/29 HPs)
             Began as a Demonspawn Berserker on July 6, 2017.
             Was a Believer of Trog.
             Slain by an adder (3 damage)
             ... on level 2 of the Dungeon.
             The game lasted 00:01:25 (1531 turns).

polve the Chopper (Demonspawn Berserker)            Turns: 1531, Time: 00:01:25

Health: -1/29      AC:  2    Str: 18    XL:     3   Next: 46%
Magic:  3/3        EV: 12    Int:  8    God:    Trog [**....]
Gold:   39         SH:  0    Dex: 14    Spells: 2/2 levels left

rFire    . . .     SeeInvis .   a - +0 hand axe
rCold    . . .     Gourm    .   (no shield)
rNeg     . . .     Faith    .   b - +0 animal skin
rPois    .         Spirit   .   (helmet restricted)
rElec    .         Reflect  .   (no cloak)
rCorr    .         Harm     +   (no gloves)
MR       .....                  (no boots)
Stlth    ++........             j - amulet of harm (curse)
Regen    0.1/turn               (no ring)
MPRegen  0.1/turn               (no ring)

@: lethally poisoned (-1 -> -12)
A: antennae 1, thin skeletal structure 1
a: Berserk, Trog's Hand, Burn Spellbooks, Renounce Religion


You were on level 2 of the Dungeon.
You worshipped Trog.
Trog was pleased with you.
You were not hungry.

You visited 1 branch of the dungeon, and saw 2 of its levels.

You collected 39 gold pieces.

Inventory:

Hand Weapons
 a - a +0 hand axe (weapon)
Armour
 b - a +0 animal skin (worn)
Jewellery
 j - a cursed amulet of harm (around neck)
Scrolls
 f - a scroll of teleportation
 g - a scroll of identify
Potions
 e - a potion of might {unknown}
 i - 2 potions of lignification {unknown}
Comestibles
 c - 2 bread rations
 d - 6 chunks of flesh
 h - 3 fruits
 k - a royal jelly


   Skills:
 - Level 3.0 Fighting
 + Level 4.1 Axes
 - Level 1.7 Armour
 - Level 1.7 Dodging


You had 2 spell levels left.
You didn't know any spells.

Dungeon Overview and Level Annotations

Branches:
Dungeon (2/15)

Altars:
Zin


Innate Abilities, Weirdness & Mutations

You have a pair of small antennae on your head.
You have a somewhat thin skeletal structure. (Dex +2, Stealth)


Message History

* * * LOW HITPOINT WARNING * * *
You feel sick. The adder bites you but does no damage.
You hit the adder.
The adder is heavily wounded.
* * * LOW HITPOINT WARNING * * *
You feel sick. The adder bites you.
* * * LOW HITPOINT WARNING * * *
The adder bites you but does no damage.
You closely miss the adder.
The adder is heavily wounded.
* * * LOW HITPOINT WARNING * * *
You feel sick. The adder bites you.
* * * LOW HITPOINT WARNING * * *
You closely miss the adder.
The adder is heavily wounded.
* * * LOW HITPOINT WARNING * * *
You feel sick. The adder bites you.
* * * LOW HITPOINT WARNING * * *
The adder bites you.
You die...

...######.#.#.#
.......<..#.#.#
.#.....#..#.#.#
##.###.#..#.#.#
...# #.#....#.#
######.##.###.#
.......##.....#####
#......#####......#
#.##.......+....@.#
#.##.#.#####.....S#
#.##.#.# #......#
#...)#.# ########
#......#
#(.....####
#.........#
##'##.....#
#.##.....#


You could see an adder.

Vanquished Creatures
  A dart slug (D:1)
  A leopard gecko (D:1)
  8 bats
  3 giant cockroaches (D:1)
  8 goblins
  4 hobgoblins
  4 jackals (D:1)
  4 kobolds
  4 rats (D:1)
37 creatures vanquished.

Notes
Turn   | Place    | Note
-------+----------+-------------------------------------------
     0 | D:1      | polve the Demonspawn Berserker began the quest for the Orb.
     0 | D:1      | Reached XP level 1. HP: 18/18 MP: 1/1
    76 | D:1      | Reached skill level 3 in Axes
    90 | D:1      | Gained mutation: You have a pair of small antennae on your head. [demonic ancestry]
    90 | D:1      | Reached XP level 2. HP: 20/24 MP: 2/2
   733 | D:1      | Reached ** piety under Trog
   768 | D:1      | Gained mutation: You have a somewhat thin skeletal structure. (Dex +2, Stealth) [demonic ancestry]
   768 | D:1      | Reached XP level 3. HP: 27/29 MP: 3/3
  1243 | D:2      | Reached skill level 4 in Axes
  1303 | D:2      | Found a glowing silver altar of Zin.
  1531 | D:2      | Slain by an adder

Skill      XL: |  1  2  3 |
---------------+----------+-----
Axes           | 3 4 |  4.1
Fighting       | |  3.0
Armour         | |  1.7
Dodging        | |  1.7

Action                   || total
-------------------------++-------
Melee: Hand axe          ||   125
  Use: Scroll            ||     3
 Stab: Sleeping          ||     2
  Eat: Chunk             ||     2
Armor: Animal skin       ||    31
Dodge: Dodged            ||    85
